[Event "Early-Titled-Tuesday-Blitz-September-05-2023"]
[Site "Chess.com"]
[Date "2023.09.05"]
[Round "8"]
[White "LoaySameer"]
[Black "NovikovaGalina"]
[Result "1-0"]
[WhiteElo "2548"]
[BlackElo "2418"]
[TimeControl "180+1"]
[EndTime "9:27:25 PDT"]
[Termination "LoaySameer won on time"]

1. Nf3 e6 2. g3 f5 3. d3 Nf6 4.
Bg2 d6 5. O-O e5 6. e4 Be7 7. exf5 Bxf5 8. d4 e4 9. Nh4 Bc8 10. Nd2 d5 11. c4 c6 12. cxd5 cxd5 13. Nb3 O-O 14. f3 Nc6 15. Be3 Kh8 16. Rc1 Nb4 17.
fxe4 dxe4 18. Nf5 Bxf5 19. Rxf5 Nxa2 20. Ra1 Nb4 21. Nc5 Nbd5 22. Qe2 b6 23. Nxe4 Nxe3 24. Qxe3 Rc8 25. Nxf6 Bxf6 26. Rd1 Re8 27. Qf3 Rc2 28. d5 Ree2 29. Bf1 Rxh2 30. d6 h6 31. d7 Qc7 32. Rxf6 Qc5+ 33. Qf2 Rhxf2 34. d8=Q+ Kh7 35. Qd3+ Rf5+ 36. Kh1 Qf2 37. Qxf5+ Qxf5 38. Rxf5 Rxb2 39.
Rf7 a6 40. Rdd7 Kg6 41. Bd3+ Kg5 42. Rf5+ Kg4 43. Rd4+ Kh3 44. Rh5+ Kxg3 45. Bf1 Kf2 46. Rf4+ Ke3 47. Rf7 a5 48. Re5+ Kd4 49. Re6 b5 50. Rd7+ Kc5 51. Re5+ Kb4 52. Rxb5+ 1-0

[Event "Early-Titled-Tuesday-Blitz-September-05-2023"]
[Site "Chess.com"]
[Date "2023.09.05"]
[Round "8"]
[White "Sargsyan_Shant"]
[Black "OparinGrigoriy"]
[Result "0-1"]
[WhiteElo "2963"]
[BlackElo "3011"]
[TimeControl "180+1"]
[EndTime "9:27:26 PDT"]
[Termination "OparinGrigoriy won on time"]

1. c4 Nf6 2. Nc3 e5 3. Nf3 Nc6 4. a3 d5 5. cxd5 Nxd5 6. e4 Nxc3 7. bxc3 Bd6 8. Bc4 O-O 9. d3 h6 10. h3 Qf6 11. O-O Rd8 12. Qe2 Na5 13. Ba2 Be6 14.
Rb1 b6 15. Rd1 Bxa2 16. Qxa2 c5 17. Be3 Bc7 18. d4 cxd4 19. cxd4 exd4 20. Rxd4 Bf4 21. Bxf4 Qxf4 22. Re1 Rxd4 23. Nxd4 Rd8 24. Nf3 Qc7 25. e5 Qc4 26. Qb1 Nb3 27. e6 fxe6 28. Ne5 Qc3 29. Ng4 Nd2 30. Qc1 Qxc1 31. Rxc1 Rd5 32. Rc8+ Kh7 33. Rc7 Ra5 34. Nf6+ Kg6 35. Ne8 Rxa3 36. g4 Kg5 37. Kg2 Kh4 38. Rxg7 Nf3 39. Rg6 Ne1+ 40. Kf1 Nd3 41. Rxh6+ Kg5 42.
Rh5+ Kg6 43. Rh8 Nf4 44. Kg1 Rxh3 45. Rf8 e5 46. Rf6+ Kg5 47. Rf7 Kxg4 48. Rxa7 Rb3 49. Rg7+ Kf3 50. Nd6 Rb1+ 51. Kh2 Kxf2 52. Nf7 e4 53.
Ne5 e3 54. Rf7 e2 55. Rxf4+ Ke3 56. Rf3+ Ke4 0-1

[Event "Early-Titled-Tuesday-Blitz-September-05-2023"]
[Site "Chess.com"]
[Date "2023.09.05"]
[Round "8"]
[White "Witty_Alien"]
[Black "Gyulamiryan-koryun"]
[Result "1-0"]
[WhiteElo "2170"]
[BlackElo "2046"]
[TimeControl "180+1"]
[EndTime "9:27:26 PDT"]
[Termination "Witty_Alien won by checkmate"]

1. e4 e5 2. d4 exd4 3. Nf3 Nc6 4. Nxd4 Bc5 5. Nxc6 Qf6 6. Qd2 dxc6 7. Nc3 Be6 8.
Na4 Bd6 9. Bd3 O-O-O 10. Qa5 Qd4 11. Bd2 a6 12. Bc3 Qa7 13. O-O f6 14. b4 c5 15.
bxc5 Be5 16. c6 b5 17. Rab1 Bxc3 18. Nxc3 Bc4 19. Bxc4 bxc4 20. Nb5 Qb6 21. Qa4 axb5 22.
Rxb5 Qxc6 23. Rb8+ Kxb8 24. Qxc6 Ne7 25. Rb1+ Kc8 26.
Qa8+ Kd7 27. Rd1+ Nd5 28. Rxd5+ Ke7 29. Qc6 Rxd5 30. exd5 Rd8 31. Qxc7+ Rd7 32. Qxd7+ Kxd7 33. Kf1 Kd6 34. Ke2 Kxd5 35. Ke3 Kc5 36. Ke4 Kb4 37. Kd4 g5 38. a4 f5 39. a5 Kxa5 40. Kxc4 Kb6 41. Kd5 f4 42. Ke5 Kc5 43. Kf5 h6 44. Kg6 Kc4 45. Kxh6 Kc3 46. Kxg5 Kxc2 47. Kxf4 Kd2 48.
g4 Ke2 49. h4 Kxf2 50. g5 Kg2 51. h5 Kh2 52. Kf5 Kg2 53. g6 Kf2 54. h6 Ke2 55. Kf6 Ke3 56. g7 Kd2 57. h7 Kd3 58. Kf7 Ke3 59. g8=Q Ke2 60. h8=Q Kd2 61. Qhh7 Ke2 62. Qgg6 Ke3 63. Qhh5 Kf2 64. Qgg4 Kf1 65. Qhh3+ Kf2 66. Qgg2+ Ke1 67. Qhh1# 1-0

[Event "Early-Titled-Tuesday-Blitz-September-05-2023"]
[Site "Chess.com"]
[Date "2023.09.05"]
[Round "8"]
[White "Polish_fighter3000"]
[Black "vugarrasulov"]
[Result "0-1"]
[WhiteElo "3085"]
[BlackElo "2943"]
[TimeControl "180+1"]
[EndTime "9:27:27 PDT"]
[Termination "vugarrasulov won by checkmate"]

1. b4 g6 2. Bb2 Nf6 3. c4 Bg7 4.
Nf3 O-O 5. g3 c6 6. d3 a5 7. a3 axb4 8. axb4 Rxa1 9. Bxa1 Qb6 10. Qa4 Na6 11. Bc3 Ng4 12. d4 c5 13. dxc5 Nxc5 14.
Qa3 Nd3+ 15. Kd2 Ndxf2 16. Bxg7 Kxg7 17. Rg1 Qd6+ 18. Kc1 b6 19. Qc3+ f6 20. Nbd2 Bb7 21. h3 Ne5 22. Nxe5 fxe5 23. Bg2 Bxg2 24. Rxg2 Nxh3 25.
Nf3 Qf6 26. Qxe5 d6 27. Qxf6+ exf6 28. Kd2 Ra8 29. Rh2 Ng5 30. Nxg5 fxg5 31. g4 Ra3 32. Rh1 Rg3 33. Ra1 Rxg4 34. Kd3 h5 35. Ra7+ Kf6 36.
Rb7 h4 37. Rxb6 Ke5 38. Rb8 h3 39. Re8+ Kf6 40. Rf8+ Ke6 41. Rf1 Ke5 42. b5 Rg3+ 43.
e3 Rg2 44. Rb1 h2 45. b6 Rg1 46. Rb5+ Ke6 47. b7 h1=Q 48. b8=Q Rd1+ 49. Kc2 Rc1+ 50. Kb3 Qd1+ 51. Kb4 Qd2+ 52. Ka4 Ra1+ 53. Kb3 Rb1+ 54. Ka3 Qc3+ 55. Ka2 Qa1# 0-1

[Event "Early-Titled-Tuesday-Blitz-September-05-2023"]
[Site "Chess.com"]
[Date "2023.09.05"]
[Round "8"]
[White "blitzking1729"]
[Black "wonderfultime"]
[Result "0-1"]
[WhiteElo "2775"]
[BlackElo "3005"]
[TimeControl "180+1"]
[EndTime "9:27:29 PDT"]
[Termination "wonderfultime won by resignation"]

1. c4 c6 2. Nf3 d5 3. e3 Nf6 4.
Nc3 a6 5. Be2 Bf5 6. Qb3 Ra7 7.
cxd5 cxd5 8. Ne5 Nc6 9. Qa4 Bd7 10. Nxd7 Qxd7 11. d4 e6 12. O-O Bd6 13. Bd2 O-O 14.
Rfc1 Rc8 15. a3 g6 16. h3 Kg7 17. b4 Raa8 18. Qd1 b5 19. a4 Nxb4 20. axb5 axb5 21.
Rxa8 Rxa8 22. Nxb5 Ne4 23. Be1 Ra2 24. Bf1 Qe7 25.
Nxd6 Qxd6 26. Qb3 Nd2 27. Qc3 Nxf1 28. Kxf1 Qh2 29. Bd2 Nc6 30. Ke2 Na5 31. Ra1 Rxa1 32. Qxa1 Nb3 33. Qf1 Qc7 34. Qd1 Qc4+ 35. Ke1 h5 36. h4 Qd3 37. g3 Qc4 38. Qb1 Qb5 39. Qb2 Qd3 40. Qc3 Qb5 41. Qb2 Kf6 42. Qc3 Kf5 43.
Qb4 Qd3 44. Qc3 Qb1+ 45. Ke2 Kg4 46. Qd3 Nxd2 47. Qxd2 Kh3 48. Kf3 Qh1+ 49. Ke2 Kg2 50. Qd3 Qf1+ 51. Kd2 Qxd3+ 52. Kxd3 Kxf2 0-1

[Event "Early-Titled-Tuesday-Blitz-September-05-2023"]
[Site "Chess.com"]
[Date "2023.09.05"]
[Round "8"]
[White "UmarovSabir"]
[Black "FoxOnTheRun97"]
[Result "0-1"]
[WhiteElo "2305"]
[BlackElo "2525"]
[TimeControl "180+1"]
[EndTime "9:27:29 PDT"]
[Termination "FoxOnTheRun97 won by checkmate"]

1. e4 c6 2. d4 d5 3. Bd3 dxe4 4.
Bxe4 Nf6 5. Bf3 Bf5 6. Ne2 e6 7. O-O Bd6 8. Nd2 O-O 9. Nc4 Bc7 10. Bg5 h6 11. Bf4 Nd5 12. Bg3 Qe7 13. c3 Rd8 14.
Qb3 Bxg3 15. Nxg3 Bd3 16. Rfe1 Nd7 17. Rad1 Bxc4 18. Qxc4 N7f6 19. h3 Qc7 20. Qb3 a5 21.
Qc2 Rac8 22. Ne4 Nxe4 23. Bxe4 Nf6 24. Bf3 Qf4 25. Re5 b6 26. Qe2 Nd7 27. Re4 Qf6 28. c4 c5 29. d5 exd5 30. Rxd5 Nf8 31. Rxd8 Rxd8 32. Re8 Rxe8 33. Qxe8 Qxb2 34. Bd5 Qc1+ 35. Kh2 Qf4+ 36. Kg1 Qf6 37. a4 g5 38. g3 Kg7 39. Kg2 h5 40. Qc8 Ng6 41. Qc7 h4 42. Qb8 hxg3 43. fxg3 Qb2+ 44. Kf3 Ne5+ 45. Ke4 Qd4+ 46.
Kf5 Ng6 47. Kxg5 Qe3+ 48. Kh5 Qe2+ 49. Kg5 Qe3+ 50. Kh5 Ne5 51. Qd6 Qe2+ 52. g4 Qe3 53.
Kh4 Ng6+ 54. Kh5 Qh6# 0-1

[Event "Early-Titled-Tuesday-Blitz-September-05-2023"]
[Site "Chess.com"]
[Date "2023.09.05"]
[Round "8"]
[White "Zurability"]
[Black "CrushingKings"]
[Result "0-1"]
[WhiteElo "2699"]
[BlackElo "2563"]
[TimeControl "180+1"]
[EndTime "9:27:31 PDT"]
[Termination "CrushingKings won on time"]

1. Nf3 g6 2. d4 Bg7 3. g3 Nf6 4. Bg2 O-O 5. O-O d6 6. Nc3 Nbd7 7. e4 c5 8. h3 cxd4 9. Nxd4 Nc5 10. Re1 Ne6 11. Nb3 Rb8 12. Be3 b6 13. a4 Bb7 14.
a5 Nc5 15. axb6 axb6 16. Nd2 Nfd7 17. Ra2 Bc6 18. Nd5 b5 19. Nb4 Bb7 20. c3 Ne5 21. Bd4 Ncd3 22. Nxd3 Nxd3 23. Re3 Ne5 24. f4 Nc6 25.
Bxg7 Kxg7 26. Kh2 Qb6 27. Rd3 b4 28. c4 Rfc8 29. b3 Nd8 30. Nf1 Ne6 31. Ne3 Nc5 32. Nd5 Qd8 33. Re3 e6 34. Qd4+ f6 35. Nxb4 Bxe4 36.
Ra7+ Rc7 37. Rxc7+ Qxc7 38. Bxe4 Rxb4 39. Bg2 Rxb3 40. Rxb3 Nxb3 41. Qe3 Nc5 42. g4 h6 43. h4 Qe7 44. g5 hxg5 45. hxg5 e5 46. Qf3 exf4 47.
Qxf4 fxg5 48. Qf2 Qe5+ 49. Kg1 g4 50. Qc2 g3 51. Qd1 Qe3+ 52. Kh1 Qh6+ 53. Kg1 Qe3+ 54. Kh1 Qf4 55. Qe2 Kh6 56. Qd1 Qe5 57. Bf3 Ne6 58.
Kg2 Qg5 59. Qh1+ Kg7 60. Qe1 Nf4+ 61. Kg1 Qe5 62. Qxg3 Ne2+ 0-1

[Event "Early-Titled-Tuesday-Blitz-September-05-2023"]
[Site "Chess.com"]
[Date "2023.09.05"]
[Round "8"]
[White "Chernov_Mikhail"]
[Black "AlexandraSamaganova"]
[Result "0-1"]
[WhiteElo "2372"]
[BlackElo "2285"]
[TimeControl "180+1"]
[EndTime "9:27:32 PDT"]
[Termination "AlexandraSamaganova won by checkmate"]

1. e4 c5 2. Nf3 e6 3. d3 Nc6 4. g3 g6 5. Bg2 Bg7 6. O-O Nge7 7. Bd2 Bxb2 8. Nc3 d5 9. Rb1 Bxc3 10. Bxc3 d4 11. Bd2 h6 12. c4 b6 13. e5 Bb7 14.
Qe2 Nf5 15. a4 Rb8 16. Rfe1 a5 17. Bf4 Nb4 18. Nd2 Bxg2 19. Kxg2 Qd7 20. Ne4 Qxa4 21. Nf6+ Ke7 22. g4 Qc6+ 23. f3 Nh4+ 24. Kf2 g5 25. Bg3 Ng6 26. Ne4 a4 27. Ra1 Ra8 28. Kg1 a3 29. Rf1 a2 30. f4 gxf4 31. Bxf4 Ra3 32.
Nd6 Nxd3 33. Bg3 Rh7 34. Rxa2 Rxa2 35. Qxa2 Ngxe5 36. Bxe5 Nxe5 37. Nb5 Nf3+ 38. Kf2 Ng5 39. Qa7+ Kf6 40. Kg3+ Kg6 41. h4 Ne4+ 42. Kh2 h5 43. g5 d3 44. Qb8 d2 45. Qg8+ Rg7 46. Qd8 Kh7 47. g6+ Kxg6 48. Rg1+ Kh7 49. Rxg7+ Kxg7 50. Qd3 Nf6 51. Qxd2 Qe4 52. Qc1 Qe5+ 53. Kg2 Qe4+ 54.
Kh3 Qg4+ 55. Kh2 Qxh4+ 56. Kg2 Qg4+ 57. Kf2 Ne4+ 58. Kf1 Qf3+ 59. Kg1 Qf2+ 60. Kh1 Ng3# 0-1

[Event "Early-Titled-Tuesday-Blitz-September-05-2023"]
[Site "Chess.com"]
[Date "2023.09.05"]
[Round "8"]
[White "Tugrik1969"]
[Black "Rutricks"]
[Result "0-1"]
[WhiteElo "2504"]
[BlackElo "2655"]
[TimeControl "180+1"]
[EndTime "9:27:33 PDT"]
[Termination "Rutricks won by resignation"]

1. e4 g6 2. d4 Bg7 3. Nc3 c6 4.
h4 d5 5. exd5 cxd5 6. h5 Nc6 7.
Be3 Nh6 8. Bb5 Nf5 9. Bxc6+ bxc6 10. h6 Bf6 11. Nf3 Nxe3 12. fxe3 Qd6 13. Qd2 Bf5 14. O-O-O O-O 15. Rde1 e6 16. e4 dxe4 17. Nxe4 Bxe4 18.
Rxe4 c5 19. Qf4 Qxf4+ 20. Rxf4 Bxd4 21. Nxd4 e5 22. Re4 exd4 23. Rhe1 f6 24. Re6 Rac8 25. Kd2 Rc7 26. b3 Kf7 27. Kd3 g5 28. Kc4 Kg6 29.
Re7 Rfc8 30. Rxc7 Rxc7 31. Re6 Kxh6 32. Rxf6+ Kh5 33. Rf5 Kg4 34. Rxc5 Rg7 35. Kxd4 Kg3 36. c4 Kxg2 37. Re5 h5 38. c5 h4 39. c6 h3 40.
c7 Rd7+ 41. Rd5 Rxc7 42. Rxg5+ Kf3 43. Rh5 Kg4 44. Rh8 Rc2 45. a4 h2 46. b4 Rb2 47.
Kc5 Kg3 48. b5 Rc2+ 49. Kb4 Re2 50. a5 Re4+ 51. Kc5 Rh4 52. Rg8+ Kh3 53. b6 h1=Q 54.
bxa7 Rh5+ 55. Kb4 Qe4+ 56. Kc3 Rc5+ 57. Kd2 Rd5+ 0-1

[Event "Early-Titled-Tuesday-Blitz-September-05-2023"]
[Site "Chess.com"]
[Date "2023.09.05"]
[Round "8"]
[White "ilushka"]
[Black "bazar-wokzal"]
[Result "0-1"]
[WhiteElo "2397"]
[BlackElo "2528"]
[TimeControl "180+1"]
[EndTime "9:27:33 PDT"]
[Termination "bazar-wokzal won by resignation"]

1. Nf3 c5 2. b3 d5 3. e3 a6 4.
Bb2 Nc6 5. c4 d4 6. b4 e5 7. b5 axb5 8. cxb5 Nb4 9. Nxe5 d3 10.
Qf3 Nf6 11. Na3 Rxa3 12. Bxa3 Nc2+ 13. Kd1 Nxa3 14. Bxd3 Bd6 15. Nc4 Nxc4 16. Bxc4 O-O 17. h3 Qa5 18. Ke2 Be6 19. Bxe6 Qxb5+ 20. Bc4 Qxc4+ 21.
Ke1 Be5 22. Rb1 Qxa2 23. Qxb7 h5 24. Qb3 Qa6 25. Qb5 Qa8 26. Qb7 Qd8 27. Ke2 c4 28. Rhd1 Qd3+ 29. Ke1 c3 30. Rbc1 c2 31. Qc6 cxd1=Q+ 32. Rxd1 Rd8 33. f4 Bb8 34. Qf3 Ne4 35. Qe2 Bc7 36. Qxd3 Rxd3 37. Ke2 Ra3 38. Rc1 Ba5 39. d3 Ra2+ 40. Kf3 Nf6 41. Rc8+ Kh7 42. g4 h4 43. g5 Nd5 44. e4 Nb4 45. Kg4 Nxd3 46. Kxh4 Nxf4 47.
Kg4 Ng6 48. h4 Rg2+ 49. Kf5 Nxh4+ 50. Ke5 Rxg5+ 51. Kd4 Bd2 52. Ra8 Bf4 53. Ra7 Kg6 54. Kd3 Rg2 55. Ra6+ f6 56. Ra8 Rd2+ 57. Kc4 Rd7 58.
Rh8 Nf3 59. Kc5 Ne5 60. Kb4 Kg5 61. Ra8 Kg4 62. Kc3 Kf3 63. Rg8 g5 64. Rf8 Ng4 65. e5 Bxe5+ 66. Kc4 Ne3+ 67. Kc5 Bd6+ 68. Kc6 Bxf8 69.
Kxd7 g4 70. Ke6 g3 0-1

[Event "Early-Titled-Tuesday-Blitz-September-05-2023"]
[Site "Chess.com"]
[Date "2023.09.05"]
[Round "8"]
[White "RobertoJBM"]
[Black "SashaKuzhilniy"]
[Result "0-1"]
[WhiteElo "2792"]
[BlackElo "2636"]
[TimeControl "180+1"]
[EndTime "9:27:35 PDT"]
[Termination "SashaKuzhilniy won by resignation"]

1. e4 d5 2. exd5 Qxd5 3. Nc3 Qe5+ 4. Be2 Bg4 5. d4 Bxe2 6. Ngxe2 Qa5 7. O-O Nf6 8. Bf4 Nc6 9. a3 O-O-O 10. b4 Qh5 11. b5 Na5 12. Qd3 e6 13. Ng3 Qg6 14. Qe2 Rxd4 15. Be3 Rc4 16. Bd2 Qg4 17. Qe1 Bc5 18. Kh1 Qh4 19. h3 Rd8 20. Nce2 b6 21. Bxa5 bxa5 22. Qxa5 Bb6 23. Qe1 Rxc2 24. a4 Ne4 25. a5 Bc5 26. Qb1 Rdd2 27. Nxe4 Qxe4 28. Ng3 Qb4 29. Qxb4 Bxb4 30. Ne4 Re2 31. Ng5 Rxf2 32. Rxf2 Rxf2 33. Nxh7 Be7 34. Rc1 Kb7 35. Rc4 Rf1+ 36. Kh2 Rf5 37. g4 Rxb5 38. Ra4 Ka6 39. Kg2 Rxa5 40. Rf4 f6 41. Re4 Re5 42. Rd4 Kb5 43. Rd7 Bd6 44. Rxg7 Re2+ 45. Kf3 Rh2 46. Nxf6 Rxh3+ 47. Ke4 a5 48. Rg8 a4 49. Rb8+ Kc4 50. Ra8 a3 51. g5 Rg3 52. Ra5 Kb4 53. Ra6 Rxg5 54. Ne8 Re5+ 55. Kd4 Rd5+ 56. Ke4 Kb3 57. Nf6 Re5+ 58.
Kd3 Rb5 59. Ne4 Rd5+ 60. Ke2 Bb4 61. Nf2 Rd2+ 62. Ke3 Rxf2 63. Kxf2 a2 64. Ke3 Ba3 0-1

[Event "Early-Titled-Tuesday-Blitz-September-05-2023"]
[Site "Chess.com"]
[Date "2023.09.05"]
[Round "8"]
[White "djano"]
[Black "sokidze"]
[Result "1-0"]
[WhiteElo "2617"]
[BlackElo "2760"]
[TimeControl "180+1"]
[EndTime "9:27:38 PDT"]
[Termination "djano won on time"]

1. e4 c5 2. Nc3 Nc6 3. Bb5 Nd4 4. Nf3 e6 5. O-O a6 6. Bd3 Nc6 7. b3 d6 8. Bb2 Nf6 9. Re1 e5 10. Nd5 Bg4 11. Be2 Be7 12. Nxe5 Nxe5 13. Nxf6+ Bxf6 14. Bxe5 Bxe5 15. Bxg4 Bxa1 16. Qxa1 O-O 17. d4 Qg5 18. Bf3 cxd4 19. Qxd4 Qc5 20. Qd2 b5 21. e5 Rae8 22.
exd6 Qxd6 23. Qc1 Rxe1+ 24. Qxe1 Qc5 25. Be4 g6 26. Bd3 Qc6 27. h4 Re8 28. Qb4 h5 29.
a4 bxa4 30. bxa4 Qf6 31. a5 Rd8 32. g3 Qf3 33. Qb6 Re8 34. Qxa6 Re1+ 35. Bf1 Rc1 36. Qc4 Qd1 37. a6 Rxc2 38. Qa4 Qd2 39. Qf4 Qxf4 40. gxf4 Ra2 41. Kg2 Kg7 42. Kf3 Kf6 43. Bc4 Ra3+ 44. Ke2 Ra4 45. Bb5 Ra5 46. Bc4 Kf5 47.
Ke3 Ra3+ 48. Kd4 Kxf4 49. Kc5 f6 50. Kb4 Ra1 51. Bb5 g5 52. Ba4 Rb1+ 53. Bb3 Ra1 54. Ba4 Re1 55. Bc6 Rb1+ 56. Kc5 gxh4 57. a7 Rc1+ 58. Kb6 Ra1 59. Bb7 1-0

[Event "Early-Titled-Tuesday-Blitz-September-05-2023"]
[Site "Chess.com"]
[Date "2023.09.05"]
[Round "8"]
[White "Rikikits"]
[Black "Msb2"]
[Result "0-1"]
[WhiteElo "2851"]
[BlackElo "3098"]
[TimeControl "180+1"]
[EndTime "9:27:40 PDT"]
[Termination "Msb2 won on time"]

1. c4 e6 2. Nf3 d5 3. g3 Nf6 4.
Bg2 Nc6 5. b3 Bd6 6. Bb2 O-O 7. d4 dxc4 8. bxc4 e5 9. d5 Na5 10.
Nbd2 Re8 11. e4 c6 12. O-O cxd5 13. cxd5 Bd7 14. Re1 Rc8 15. Rc1 Qb6 16. Bc3 Ng4 17. Bxa5 Qxa5 18. Nc4 Qxa2 19. Re2 Qa6 20. Nxd6 Rxc1 21.
Qxc1 Qxe2 22. Nxe8 Qxf2+ 23. Kh1 Ne3 24. Qg1 Qxg1+ 25. Kxg1 Bxe8 26. Nxe5 Nxg2 27. Kxg2 f6 28. Nc4 b5 29. Na5 b4 30. Kf3 Ba4 31. Ke3 b3 32.
Nc4 Bb5 33. Na3 Bf1 34. Kd4 Kf7 35. Kc3 Bg2 36. Nc4 Ke7 37. Nd2 f5 38. Nxb3 fxe4 39. Kd4 e3 40. Kxe3 Bxd5 41. Nc5 Kd6 42. Kd4 a5 43. h4 Bc6 44. Kc4 Ke5 45. Nd3+ Kf5 46.
Nf4 Be8 47. Kd4 Bf7 48. Nd3 a4 49. Kc3 Bg8 50. Nf2 Ke5 51. Kb4 Bb3 52. Kc3 Be6 53. Kb4 Kd4 54. Kxa4 Ke3 55. Nd1+ Kf3 56. h5 Kxg3 57.
Kb4 Bg4 58. h6 gxh6 59. Nc3 Bf3 60. Kc4 h5 61. Kd3 h4 62. Nb5 h3 63. Nd4 h2 64.
Nf5+ Kf2 0-1

[Event "Early-Titled-Tuesday-Blitz-September-05-2023"]
[Site "Chess.com"]
[Date "2023.09.05"]
[Round "8"]
[White "MKlose11"]
[Black "vishwa_vijeta"]
[Result "0-1"]
[WhiteElo "2645"]
[BlackElo "2535"]
[TimeControl "180+1"]
[EndTime "9:27:43 PDT"]
[Termination "vishwa_vijeta won on time"]

1. e4 c5 2. Nc3 g6 3. g3 Bg7 4.
Bg2 Nc6 5. d3 e6 6. Be3 d6 7.
Qd2 Nge7 8. Bh6 O-O 9. h4 Nd4 10.
O-O-O Nec6 11. h5 Bxh6 12. Qxh6 g5 13. f4 f6 14. fxg5 fxg5 15. Nh3 Qe7 16. Nxg5 Rf6 17. Qxh7+ Qxh7 18. Nxh7 Kxh7 19. g4 Rf2 20. Rd2 Rxd2 21. Kxd2 Ne5 22. g5 Nef3+ 23. Bxf3 Nxf3+ 24. Ke3 Nxg5 25.
Nb5 Bd7 26. Nxd6 Rf8 27. Nxb7 c4 28. Nc5 Bc6 29. Rg1 Rg8 30. dxc4 Be8 31. h6 Bf7 32. Rh1 Rc8 33. b4 a5 34. a3 axb4 35. axb4 Rb8 36. c3 Rg8 37. Nd7 Rd8 38. Ne5 Bg6 39. Rg1 Kxh6 40. Nxg6 Kxg6 41. c5 Kf6 42. b5 Nf7 43. c6 Ne5 44. Rb1 Rd3+ 45. Ke2 Rxc3 46. Kd2 Rc4 47. Ke3 Ke7 48. Kf4 Nd3+ 49. Ke3 Ne5 50. Kf4 Kf6 51. Rh1 Rc3 52. Rh6+ Ng6+ 53. Rxg6+ Kxg6 54. Ke5 Kf7 55. Kd6 Rb3 56. Kc5 Ke7 57.
Kb6 Kd8 0-1

[Event "Early-Titled-Tuesday-Blitz-September-05-2023"]
[Site "Chess.com"]
[Date "2023.09.05"]
[Round "8"]
[White "abelmat"]
[Black "LeoWin2012"]
[Result "0-1"]
[WhiteElo "1951"]
[BlackElo "2217"]
[TimeControl "180+1"]
[EndTime "9:27:43 PDT"]
[Termination "LeoWin2012 won on time"]

1. d4 d5 2. c4 e6 3. Nf3 a6 4.
Nc3 dxc4 5. e3 c5 6. Bxc4 Nc6 7.
O-O cxd4 8. exd4 Nf6 9. d5 exd5 10. Nxd5 Nxd5 11. Bxd5 Be7 12. Be3 O-O 13. a3 Bg4 14. Qb3 Na5 15. Qa2 Bf6 16. Rfd1 Qe7 17. b4 Nc6 18.
Bc5 Qe8 19. Re1 Qc8 20. Bxf8 Bxa1 21. Bxf7+ Kxf8 22. Ng5 Bf5 23. Bh5 Qd7 24. Qxa1 h6 25. Nf3 Rd8 26. h3 Kg8 27. Bg4 Bxg4 28. hxg4 Qxg4 29.
Qa2+ Kh8 30. Qf7 Nd4 31. Nxd4 Qxd4 32. Re8+ Rxe8 33. Qxe8+ Kh7 34. Qe1 Qd3 35. Qa1 b5 36. g3 Kg8 37. Qa2+ Kf8 38. Qa1 Qd2 39. Qa2 Qd7 40.
Qa1 Qc6 41. Qe1 Kf7 42. Qa1 Qe6 43. Qc1 Qd5 44. Qf1 Kf6 45. Qe1 Qe5 46. Qd1 Qe6 47. Qc1 Qc4 48. Qb2+ Ke6 49. Qb1 Qc3 50. Qf1 Qxa3 51.
Qe2+ Kd6 52. Qd2+ Kc6 53. Qd8 Qxb4 0-1

[Event "Early-Titled-Tuesday-Blitz-September-05-2023"]
[Site "Chess.com"]
[Date "2023.09.05"]
[Round "8"]
[White "GrumbleBruno"]
[Black "Agoking701"]
[Result "0-1"]
[WhiteElo "2468"]
[BlackElo "2572"]
[TimeControl "180+1"]
[EndTime "9:27:45 PDT"]
[Termination "Agoking701 won by checkmate"]

1. e4 e5 2. Nf3 Nc6 3. Bb5 Nf6 4. O-O Nxe4 5. Re1 Nd6 6. Nxe5 Be7 7. Bd3 O-O 8. Nc3 Ne8 9. Nd5 Bd6 10. Qh5 g6 11.
Nxg6 fxg6 12. Bxg6 hxg6 13. Qxg6+ Ng7 14. d4 Nxd4 15. Bh6 Nf5 16. Re4 Nxh6 17. Qxh6 c6 18. Rg4 Be5 19. Re1 cxd5 20. Rxe5 Qf6 21. Rxg7+ Qxg7 22. Rg5 Rf7 23. Rxg7+ Rxg7 24. Qd6 Kf7 25. h4 Rg6 26.
Qxd5+ Ke7 27. h5 Re6 28. Qg5+ Rf6 29. h6 d6 30. h7 Be6 31. Qg7+ Rf7 32. h8=Q Rxh8 33.
Qxh8 Rf5 34. Qd4 b6 35. c4 Kd7 36. b3 Re5 37. Qd2 Kc6 38. f3 a6 39. Kf2 b5 40.
cxb5+ axb5 41. g4 d5 42. Qc3+ Kd6 43. Qb4+ Kc6 44. Qe7 d4 45. f4 Re3 46. Qe8+ Kd5 47.
Qxb5+ Ke4 48. f5 Bd5 49. Qe8+ Kd3 50. Qd7 Rf3+ 51. Ke1 Be4 52. Qb5+ Ke3 53. Qe5 Rh3 54.
Qxe4+ Kxe4 55. f6 Ke3 56. Kd1 Rh1+ 57. Kc2 d3+ 58. Kc3 Rf1 59. g5 d2 60. g6 d1=Q 61. g7 Qd4+ 62. Kc2 Rf2+ 63. Kb1 Qb2# 0-1

[Event "Early-Titled-Tuesday-Blitz-September-05-2023"]
[Site "Chess.com"]
[Date "2023.09.05"]
[Round "8"]
[White "Rurep26"]
[Black "Jospem"]
[Result "0-1"]
[WhiteElo "2821"]
[BlackElo "3043"]
[TimeControl "180+1"]
[EndTime "9:27:49 PDT"]
[Termination "Jospem won by resignation"]

1. d4 Nf6 2. Bf4 e6 3. e3 b6 4.
Nd2 Bb7 5. Ngf3 Be7 6. h3 d6 7.
Be2 Nbd7 8. O-O h6 9. Bh2 g5 10. Ne1 h5 11. Bf3 d5 12. Nd3 g4 13. Be2 gxh3 14.
gxh3 Bd6 15. f4 Qe7 16. Nf3 Ne4 17. Kh1 O-O-O 18. a4 a5 19. c3 f6 20. Rc1 Kb8 21. Qe1 c5 22. Nf2 Rhg8 23. Nxe4 dxe4 24. Nd2 f5 25. Nc4 Bc7 26. Qf2 Nf6 27. Rg1 cxd4 28. cxd4 Rxg1+ 29. Rxg1 Rxd4 30. Bg3 Qb4 31. Bh4 Nd7 32.
Rg8+ Ka7 33. Rg7 Rd3 34. Bxd3 exd3+ 35. Kh2 Qxa4 36. Nd2 Qc6 37. Qf3 Qc2 38. Qf2 Bc6 39. b3 Kb7 40. Rh7 b5 41. Be7 a4 42. bxa4 bxa4 43.
Kg3 Qd1 44. Nc4 Qb3 45. Na3 e5 46. Qd2 exf4+ 47. exf4 Bb6 48. Kh4 Qd5 49. Qb2 d2 50. Nc4 Qxc4 51. Qxd2 Bc7 52. Bg5 a3 53. Rxd7 Bxd7 54.
Qxd7 a2 55. Qd1 Bxf4 56. Kxh5 Qf7+ 57. Kh6 Bxg5+ 58. Kxg5 Qg7+ 59. Kxf5 a1=Q 60. Qb3+ Ka8 61. Qd5+ Qb7 62. Qd8+ Ka7 0-1

[Event "Early-Titled-Tuesday-Blitz-September-05-2023"]
[Site "Chess.com"]
[Date "2023.09.05"]
[Round "8"]
[White "Iskusnyh"]
[Black "cthulhuuu"]
[Result "1/2-1/2"]
[WhiteElo "2615"]
[BlackElo "2458"]
[TimeControl "180+1"]
[EndTime "9:27:54 PDT"]
[Termination "Game drawn - insufficient material"]

1. d4 Nf6 2. c4 e5 3. dxe5 Ng4 4. e3 Nxe5 5. f4 Nec6 6. Nc3 Bb4 7. Bd2 a5 8. Nf3 Na6 9. Bd3 Nc5 10. Bc2 d6 11. O-O O-O 12. a3 Bxc3 13. Bxc3 f5 14. b4 axb4 15. axb4 Rxa1 16. Qxa1 Ne6 17. Rd1 Qe7 18.
Qc1 Kh8 19. Qd2 h6 20. b5 Ncd8 21. b6 Nf7 22. Bxf5 cxb6 23. Bb1 Nc5 24. Qd4 Rg8 25. Kh1 Bd7 26. f5 Ne5 27. Nxe5 Qxe5 28. Qxe5 dxe5 29.
Bxe5 Re8 30. Bd4 Bc6 31. h3 Rf8 32. Kh2 Ne4 33. g4 h5 34. Bxb6 hxg4 35. hxg4 Kg8 36.
Bxe4 Bxe4 37. Rd7 Bf3 38. Kg3 Bc6 39. Rc7 Rf7 40. Rc8+ Kh7 41. Kf4 Rd7 42. Bd4 Re7 43. Be5 g5+ 44. fxg6+ Kxg6 45. Rd8 Rf7+ 46. Kg3 Rf3+ 47.
Kh4 Rxe3 48. Rd6+ Kf7 49. Bf4 Re4 50. Kg5 Rxc4 51. Rf6+ Ke7 52. Bd6+ Kd7 53. Bg3 Rc5+ 54. Kh6 Bd5 55. g5 Rc6 56. Rxc6 Kxc6 57. Bf2 b5 58. g6 b4 59. Bd4 b3 60. Bb2 Kb5 61. g7 Kc4 62.
Kh7 Kd3 63. g8=Q Bxg8+ 64. Kxg8 Kc2 65. Ba3 b2 66. Bxb2 1/2-1/2

[Event "Early-Titled-Tuesday-Blitz-September-05-2023"]
[Site "Chess.com"]
[Date "2023.09.05"]
[Round "8"]
[White "DanielDardha2005"]
[Black "kingofthenil"]
[Result "0-1"]
[WhiteElo "2930"]
[BlackElo "2748"]
[TimeControl "180+1"]
[EndTime "9:27:58 PDT"]
[Termination "kingofthenil won by resignation"]

1. Nc3 d5 2. Nb1 h5 3. Nf3 Nc6 4. d4 Bf5 5. e3 Nb4 6. Na3 e6 7. c3 Nc6 8. c4 Nb4 9. c5 a5 10. Bd2 Nf6 11. Ne5 c6 12. Qb3 Ne4 13. Bxb4 axb4 14. Qxb4 f6 15. Nf3 b6 16. Qxb6 Qxb6 17. cxb6 Bb4+ 18. Ke2 Bxa3 19. bxa3 Kd7 20. Nd2 Nc3+ 21.
Ke1 Rxa3 22. Nb3 Rb8 23. Nc5+ Kd6 24. Be2 Nxe2 25. Kxe2 Rxb6 26. Rhd1 Rb2+ 27. Rd2 Rb1 28. Rd1 Rb2+ 29. Rd2 Rb1 30. Rxb1 Bxb1 31. Kf3 Rxa2 32.
Rd1 Bc2 33. Rc1 e5 34. Re1 g5 35. h4 Bf5 36. hxg5 fxg5 37. Rh1 Bg4+ 38. Kg3 exd4 39.
exd4 Rd2 40. f3 Rxd4 41. Nb7+ Kc7 42. Nc5 Rc4 43. Nd3 Bf5 44. Ne5 h4+ 45. Kf2 Rc2+ 46. Ke3 Rxg2 47. Rc1 Bd7 48. Ra1 Kd6 49. Nf7+ Ke6 50.
Nh6 c5 51. Ra6+ Ke7 52. Ng8+ Kf8 53. Nf6 d4+ 54. Ke4 Re2+ 55. Kd5 Be6+ 56. Kxc5 d3 57.
Nh7+ Kg7 58. Nxg5 Bf5 59. Rd6 d2 60. Kc4 Bc2 61. Ne6+ Rxe6 62. Rxd2 Bf5 63. Kd5 Kf6 64. Rd4 h3 65. Rh4 Kg5 66. Rh8 Rh6 67. f4+ Kh5 68.
Rg8 Kh4 69. Ke5 Rh5 70. Kf6 h2 71. Rg1 hxg1=Q 0-1